 Dungeon Crawl Stone Soup version 0.32-a0-13-gbaedc5810e (webtiles) character file.

Game seed: 6596584701198266944

2226 Malachi the Fighter (level 9, -7/105 HPs)
             Began as an Oni Berserker on Jan 15, 2024.
             Was a Priest of Trog.
             Mangled by Maggie
             ... wielding a +0 broad axe
              (9 damage)
             ... on level 7 of the Dungeon.
             The game lasted 00:07:02 (6728 turns).

Malachi the Fighter (Oni Berserker)                 Turns: 6728, Time: 00:07:03

Health: -7/105     AC:  5    Str: 27    XL:     9   Next: 36%
Magic:  9/9        EV: 15    Int:  8    God:    Trog [***...]
Gold:   360        SH:  5    Dex:  8    Spells: 8/8 levels left

rFire   . . .        n - +0 giant spiked club
rCold   . . .        (shield currently unavailable)
rNeg    . . .        b - +0 animal skin
rPois   .            (helmet restricted)
rElec   .            q - +1 cloak
rCorr   .            (gloves unavailable)
SInv    .            (boots unavailable)
Will    ++...        a - amulet of reflection
Stlth   +            k - +5 ring of evasion
HPRegen 1.37/turn    (no ring)
MPRegen 0.11/turn

%: reflection
@: strong-willed, on berserk cooldown, attractive, regenerating, slowed, very
slow
A: large, unfitting armour, horns 1, tough skin 1, double potion healing,
drunken brawling
a: Renounce Religion, Berserk, Trog's Hand


You were on level 7 of the Dungeon.
You worshipped Trog.
Trog was most pleased with you.
You visited 1 branch of the dungeon, and saw 7 of its levels.

You collected 360 gold pieces.

Inventory:

Hand Weapons
 n - a +0 giant spiked club (weapon)
Missiles
 l - a throwing net
 p - 11 large rocks (quivered)
Armour
 b - a +0 animal skin (worn)
 q - a +1 cloak (worn)
Jewellery
 a - an amulet of reflection (around neck)
 k - a +5 ring of evasion (left hand)
Scrolls
 c - a scroll of fog
 g - a scroll of amnesia {unknown}
 i - a scroll of poison
 j - 2 scrolls of immolation
Potions
 d - a potion of curing
 e - 2 potions of attraction
 f - a potion of brilliance {unknown}
 h - a potion of ambrosia {unknown}
 m - a potion of resistance {unknown}
 o - 2 potions of heal wounds {unknown}


   Skills:
 + Level 11.2 Fighting
 * Level 9.0 Maces & Flails
 + Level 4.0 Dodging


You had 8 spell levels left.
You didn't know any spells.
Your spell library was empty.

Dungeon Overview and Level Annotations

Branches:
Dungeon (7/15)             Temple (0/1) D:5

Altars:
Ashenzari
Wu Jian
Yredelemnul
The Shining One

Shops:
D:2 :

Annotations:
D:7 Maggie


Innate Abilities, Weirdness & Mutations

You are too large for most types of armour.
You have a pair of small horns on your head.
You have tough skin. (AC +1)
You gain doubled healing and magic from potions.
Whenever you drink a healing potion, you attack all around you.


Message History

Things that are here:
a +0 club; 4 stones; a kobold corpse It was a potion of attraction.
You feel attractive to monsters. The gnoll sergeant closely misses you.
The gnoll hits you with a +0 flail!
* * * LOW HITPOINT WARNING * * *
The kobold barely misses you. The gnoll completely misses you.
The gnoll hits you but does no damage. The gnoll sergeant barely misses you.
The gnoll misses you. The gnoll hits you but does no damage.
You block the kobold's attack. The gnoll hits you but does no damage.
You take a swig of the potion and twirl your +0 giant spiked club.
You impale the gnoll!!
You kill the gnoll!
Trog accepts your kill.
You sock the kobold!
You kill the kobold!
Trog accepts your kill.
You bludgeon the gnoll!!
You kill the gnoll!
Trog accepts your kill.
You closely miss Maggie. You headbutt Maggie.
Maggie is lightly wounded.
You savour every drop.
You feel better.
The gnoll sergeant hits you from afar with a +0 trident!
* * * LOW HITPOINT WARNING * * *
You block the gnoll's attack.
Maggie points at you and mumbles some strange words.
The bolt of fire misses you. The gnoll is attracted toward you.
Unknown command.
Your skin crawls.
You feel strong-willed.
The gnoll sergeant hits you from afar with a +0 trident!
* * * LOW HITPOINT WARNING * * *
The gnoll barely misses you. You block Maggie's attack.
The gnoll sergeant hits you from afar with a +0 trident.
* * * LOW HITPOINT WARNING * * *
The gnoll misses you.
Maggie practices a pose.
Maggie hits you with a +0 broad axe!
You die...

... .. .. .....#.####..
.). .....#......# ...
.........#'###. ..#
............... ..#
#####..$.<.......
..######................
...............)@)......
...............$@g).....
.........#.....g#)ยง.....
.........#......#.......
.........#......#.......
#........#......#.......
#........#......#.......
.........#......#....##'
.........#......#....#


You could see Maggie, a gnoll sergeant and a gnoll.

Vanquished Creatures
  The ghost of Pybe the Cutter, an amateur VSEn (D:3)
  The ghost of koorschki the Chiller, an amateur DsIE (D:4)
  Duvessa (D:5)
  A black bear (D:5)
  4 ogres
  A centaur (D:7)
  A kobold brigand (D:7)
  3 scorpions
  3 wights (D:7)
  Dowan (D:5)
  A howler monkey (D:4)
  A centaur zombie (D:3)
  3 hounds
  A bullfrog zombie (D:3)
  A bombardier beetle (D:5)
  Crazy Yiuf (D:5)
  7 orc priests
  A bullfrog skeleton (D:3)
  2 sleepcaps (D:7)
  2 iguanas
  2 orc wizards
  3 gnolls (D:7)
  9 adders
  2 white imps (D:6)
  2 ufetubi (D:7)
  3 dart slugs
  2 ribbon worms
  13 orcs
  7 endoplasms
  3 giant cockroaches
  7 goblins
  9 hobgoblins
  8 jackals (D:3)
  5 quokkas
  8 ball pythons
  4 bats
  2 frilled lizards
  5 kobolds
  2 rats
133 creatures vanquished.

Vanquished Creatures (others)
  An orc wizard (D:7)
  A kobold (D:7)
2 creatures vanquished.

Grand Total: 135 creatures vanquished

Notes
Turn   | Place    | Note
-------+----------+-------------------------------------------
     0 | D:1      | Malachi the Oni Berserker began the quest for the Orb.
     0 | D:1      | Reached XP level 1. HP: 24/24 MP: 1/1
    39 | D:1      | Found a faded altar of an unknown god.
   240 | D:1      | Reached XP level 2. HP: 33/33 MP: 2/2
   824 | D:2      | Reached XP level 3. HP: 37/41 MP: 3/3
   903 | D:2      | Reached skill level 5 in Fighting
   980 | D:2      | Reached XP level 4. HP: 26/50 MP: 4/4
  1055 | D:2      | Reached ** piety under Trog
  1210 | D:2      | Found a glowing golden altar of the Shining One.
  1343 | D:2      | Found Qiajin Vaju's Book Emporium.
  1736 | D:3      | Found a runed translucent gate.
  1736 | D:3      | Found a runed translucent gate.
  1737 | D:3      | Found a runed translucent gate.
  1739 | D:3      | Noticed Pybe's ghost (amateur VSEn)
  1756 | D:3      | Reached skill level 6 in Fighting
  1756 | D:3      | Reached XP level 5. HP: 59/59 MP: 5/5
  1760 | D:3      | Killed Pybe's ghost
  1761 | D:3      | Reached skill level 7 in Fighting
  1761 | D:3      | Reached skill level 5 in Maces & Flails
  1761 | D:3      | Reached XP level 6. HP: 71/71 MP: 6/6
  2158 | D:3      | Found an ornate altar of the Wu Jian Council.
  2577 | D:4      | Reached XP level 7. HP: 35/79 MP: 7/7
  2767 | D:4      | Reached skill level 8 in Fighting
  2888 | D:4      | Found a runed translucent gate.
  2984 | D:4      | Found a runed translucent gate.
  2984 | D:4      | Found a runed translucent gate.
  3181 | D:4      | Found a glowing golden altar of the Shining One.
  3222 | D:4      | Noticed koorschki's ghost (amateur DsIE)
  3335 | D:4      | Killed koorschki's ghost
  3336 | D:4      | Reached skill level 9 in Fighting
  3336 | D:4      | Reached XP level 8. HP: 92/92 MP: 8/8
  3465 | D:5      | Entered Level 5 of the Dungeon
  3544 | D:5      | Noticed Duvessa
  3545 | D:5      | Noticed Dowan
  3550 | D:5      | Killed Duvessa
  3555 | D:5      | Killed Dowan
  3915 | D:5      | Reached skill level 10 in Fighting
  4066 | D:5      | Found a broken altar of Ashenzari.
  4189 | D:5      | Found a staircase to the Ecumenical Temple.
  4577 | D:5      | Found a runed translucent door.
  4578 | D:5      | Noticed Crazy Yiuf
  5130 | D:5      | Killed Crazy Yiuf
  5332 | D:6      | Found a basalt altar of Yredelemnul.
  5568 | D:6      | Reached *** piety under Trog
  6304 | D:7      | Reached XP level 9. HP: 48/102 MP: 9/9
  6549 | D:7      | Reached skill level 11 in Fighting
  6668 | D:7      | Noticed Maggie
  6728 | D:7      | HP: 2/105 [gnoll sergeant/+0 trident (5)]
  6728 | D:7      | Mangled by Maggie

Illustrated notes

Levels and vault maps discovered:
D:1:      dpeg_arrival_three_same_balls, layout_basic,
          chequers_ecumenical_altar_island, roderic_lattice_a,
          solitary_fountain, interstate_on_off
D:2:      layout_rooms, basic_altar, serial_shops, nicolae_lakefront_shop,
          minmay_indecisive_spiral
D:3:      minmay_skewed_foursquare, layout_basic, mainiacjoe_overflow_paths,
          gammafunk_ghost_necromancy
D:4:      layout_cave_pools, overflow_temple_1_default,
          ebering_ghost_rock_garden
D:5:      layout_layer_cave, ashenzari_conservatory_becter,
          minmay_temple_entry_proselytizer, uniq_duvessa,
          uniq_crazy_yiuf_cottage
D:6:      layout_cave_pools, lemuel_doored_altar
D:7:      layout_basic, lemuel_crystal_altar, uniq_maggie

Skill      XL: |  1  2  3  4  5  6  7  8  9 |
---------------+----------------------------+-----
Fighting       | 5 6 7 9 10 11 | 11.2
Maces & Flails | 4 5 6 8 9 |  9.0
Dodging        | 3 4 |  4.0

Action                     |  1- 3 |  4- 6 |  7- 9 || total
---------------------------+-------+-------+-------++-------
  Melee: Mace              |    83 |   148 |     2 ||   233
         Headbutt          |    10 |    20 |    32 ||    62
         Giant spiked club |       |       |   166 ||   166
 Invoke: Berserk           |       |     2 |     7 ||     9
         Trog's Hand       |       |       |     1 ||     1
    Use: Scroll            |       |     2 |     6 ||     8
         Potion            |       |       |     3 ||     3
 Armour: Animal skin       |    57 |   117 |   167 ||   341
  Dodge: Dodged            |    37 |    99 |   180 ||   316
  Block: Other             |       |       |    55 ||    55
         Reflection        |       |       |     1 ||     1

Table legend: (Time is in decaauts)
 A = Elapsed time spent in this place.
 B = Non-inter-level travel time spent in this place.
 C = Inter-level travel time spent in this place.
 D = Time resting spent in this place.
 E = Time spent auto-exploring this place.
 F = Levels seen in this place.
 G = Mean time per level.
                   A        B        C        D        E       F      G
               +--------+--------+--------+--------+--------+-----+--------+
         Total |   6893 |   6662 |    231 |   1355 |   4242 |   7 |  984.7 |
       Dungeon |   6893 |   6662 |    231 |   1355 |   4242 |   7 |  984.7 |
               +--------+--------+--------+--------+--------+-----+--------+

Top non-repeatable levels by time:
     D:5: 1822 daAuts
     D:3: 1273 daAuts
     D:6: 1058 daAuts
     D:1: 806 daAuts
     D:4: 772 daAuts
     D:2: 693 daAuts
     D:7: 466 daAuts
